 Dungeon Crawl Stone Soup version 0.30-a0-339-g89bb51ec76 (webtiles) character file.

Game seed: 9712300937092356684

22 Tiocfaidh the Magician (level 2, 0/20 HPs)
             Began as a Minotaur Hedge Wizard on Oct 31, 2022.
             Slain by a worm (4 damage)
             ... on level 2 of the Dungeon.
             The game lasted 00:06:28 (1049 turns).

Tiocfaidh the Magician (Minotaur Hedge Wizard)      Turns: 1049, Time: 00:06:28

Health: 0/20       AC:  2    Str: 14    XL:     2   Next: 68%
Magic:  2/4        EV: 12    Int: 11    God:
Gold:   0          SH:  0    Dex:  9    Spells: 5/6 levels left

rFire   . . .      SeeInvis .    a - +0 dagger
rCold   . . .      Faith    .    (no shield)
rNeg    . . .      Spirit   .    b - +0 robe
rPois   .          Reflect  .    c - +0 hat
rElec   .          Harm     .    (no cloak)
rCorr   .          Rampage  .    (no gloves)
Will    .....                    (no boots)
Stlth   ++........               (no amulet)
HPRegen 0.23/turn                (no ring)
MPRegen 0.09/turn                (no ring)

@: no status effects
A: horns 2, retaliatory headbutt
a: no special abilities


You were on level 2 of the Dungeon.
You visited 1 branch of the dungeon, and saw 2 of its levels.

Inventory:

Hand Weapons
 a - a +0 dagger (weapon)
Armour
 b - a +0 robe (worn)
 c - a +0 hat (worn)
 j - a +0 pair of boots
Scrolls
 e - a scroll of poison {unknown}
 f - 2 scrolls of teleportation {unknown}
 i - a scroll of torment {unknown}
 k - a scroll of identify {unknown}
Potions
 d - a potion of magic
 g - a potion of flight {unknown}
 h - a potion of curing {unknown}


   Skills:
 + Level 0.3 Fighting
 + Level 0.5 Short Blades
 + Level 2.4 Dodging
 + Level 1.6 Stealth
 + Level 2.6 Spellcasting
 + Level 0.6 Conjurations
 + Level 0.6 Summonings
 + Level 0.6 Translocations


You had 5 spell levels left.
You knew the following spells:

 Your Spells              Type           Power      Damage    Failure   Level
a - Magic Dart            Conj           8%         1d3       22%         1

Your spell library contained the following spells:

 Spells                   Type           Power      Damage    Failure   Level
 Slow                     Hex            4%         N/A       28%         1
 Blink                    Tloc           4%         N/A       32%         2
 Call Imp                 Summ           2%         N/A       32%         2
 Cigotuvi's Dreadful Rot  Necr/Pois/Air  2%         N/A       38%         2
 Mephitic Cloud           Conj/Pois/Air  1%         N/A       58%         3
 Inner Flame              Hex/Fire       1%         N/A       63%         3
 Flame Wave               Conj/Fire      2%         2d4       94%         4
 Sticky Flame             Conj/Fire      2%         2d3       94%         4


Dungeon Overview and Level Annotations

Branches:
Dungeon (2/15)

Altars:


Innate Abilities, Weirdness & Mutations

You have a pair of horns on your head.
You reflexively headbutt those who attack you in melee.


Message History

The worm is severely wounded.
The worm barely misses you.
You completely miss the worm.
The worm is heavily wounded.
You barely miss the worm.
The worm is heavily wounded.
The worm barely misses you. You furiously retaliate!
You headbutt the worm!
You kill the worm!
Your magical contamination has completely faded away.
You see here a worm corpse.
You hit the worm.
The worm is lightly wounded.
The worm bites you.
You barely miss the worm.
The worm is lightly wounded.
The worm bites you.
You hit the worm but do no damage. You barely miss the worm.
You headbutt the worm!
The worm is moderately wounded.
The worm closely misses you.
You hit the worm.
The worm is heavily wounded.
You hit the worm but do no damage.
The worm is heavily wounded.
The worm barely misses you.
You hit the worm.
The worm is severely wounded.
The worm bites you!
* * * LOW HITPOINT WARNING * * *
You hit the worm.
The worm is severely wounded.
You hit the worm but do no damage.
The worm is severely wounded.
The worm completely misses you.
You hit the worm.
The worm is severely wounded.
You hit the worm. Your headbutt misses the worm.
The worm is almost dead.
The worm bites you.
You die...

### ..# ..#
..######################
...............w@......#
...##..........######.##
...##.#####....# ....#.#
#....# ....#.# #....#
##w.#.# #....# #..#.#
#....# #.w#.# #....#
#..#


You could see a worm.

Vanquished Creatures
  A worm (D:2)
  5 ball pythons (D:1)
  A bat (D:1)
  A goblin (D:1)
  A hobgoblin (D:1)
  2 jackals (D:2)
  2 quokkas (D:1)
  3 frilled lizards (D:1)
  2 rats
18 creatures vanquished.

Notes
Turn   | Place    | Note
-------+----------+-------------------------------------------
     0 | D:1      | Tiocfaidh the Minotaur Hedge Wizard began the quest for the
                  | Orb.
     0 | D:1      | Reached XP level 1. HP: 14/14 MP: 2/2
   378 | D:1      | Reached XP level 2. HP: 20/20 MP: 2/4
   527 | D:1      | Found a faded altar of an unknown god.
  1049 | D:2      | Slain by a worm

Illustrated notes

Levels and vault maps discovered:
D:1:      dpeg_arrival_rooms_a, layout_basic, basic_ecumenical_altar,
          due_unseen_surprise
D:2:      layout_basic, minmay_tetromino_t4

Action                   || total
-------------------------++-------
Melee: Dagger            ||    40
       Headbutt          ||     3
 Cast: Magic Dart        ||    20
 Stab: Sleeping          ||     1
Armor: Robe              ||     6
Dodge: Dodged            ||    29

Table legend: (Time is in decaauts)
 A = Elapsed time spent in this place.
 B = Non-inter-level travel time spent in this place.
 C = Inter-level travel time spent in this place.
 D = Time resting spent in this place.
 E = Time spent auto-exploring this place.
 F = Levels seen in this place.
 G = Mean time per level.
                   A        B        C        D        E       F      G
               +--------+--------+--------+--------+--------+-----+--------+
         Total |   1048 |    597 |    451 |    125 |      0 |   2 |  524.0 |
       Dungeon |   1048 |    597 |    451 |    125 |      0 |   2 |  524.0 |
               +--------+--------+--------+--------+--------+-----+--------+

Top non-repeatable levels by time:
     D:1: 953 daAuts
     D:2: 95 daAuts
